 Dungeon Crawl Stone Soup version 0.24.0-13-gcf9b319 (webtiles) character file.

Game seed: 2229070395498033700, levelgen mode: deterministic

526781 Clownsaurus the Slayer (level 24, -16/235 HPs)
             Began as a Minotaur Fighter on Mar 5, 2020.
             Was the Champion of the Shining One.
             Demolished by a titan (31 damage)
             ... on level 5 of the Vaults on Mar 6, 2020.
             The game lasted 05:41:22 (55832 turns).

Clownsaurus the Slayer (Minotaur Fighter)          Turns: 55832, Time: 05:41:23

Health: -16/235    AC: 35    Str: 28    XL:     24   Next: 83%
Magic:  10/34      EV: 27    Int: 13    God:    the Shining One [******]
Gold:   2370       SH: 44    Dex: 28    Spells: 23/23 levels left

rFire    + + .     SeeInvis +   s - +11 scimitar of Inconvenience {speed, rElec}
rCold    + . .     Gourm    .   r - +9 shield "Uczimats" {Regen+}
rNeg     + + +     Faith    .   u - +4 plate armour of Taunn {Int+5 Dex+3}
rPois    .         Spirit   .   k - +2 hat of Grace {rN++}
rElec    +         Reflect  +   K - scarf {rC+ rF+}
rCorr    .         Harm     .   I - +2 pair of gloves {Dex+3}
MR       +....                  b - +2 pair of boots {run}
Stlth    ..........             d - amulet "Curuassech" {Reflect Dex+2 SH+4 SInv}
HPRegen  0.89/turn              E - ring "Mogumes" {rElec rF+ Int+3 Dex+3}
MPRegen  0.24/turn              v - ring of Miunguo {rElec AC+3 Str+4 Slay+3 Stlth+}

@: divine shield, marked, hasted, glowing, very quick
A: retaliatory headbutt, horns 2, weak 1, no potion heal 1
}: 2/15 runes: serpentine, barnacled
a: Divine Shield, Cleansing Flame, Summon Divine Warrior, Brand Weapon With Holy
Wrath, Renounce Religion


You were on level 5 of the Vaults.
You worshipped the Shining One.
The Shining One was exalted by your worship.
You were not hungry.

You visited 9 branches of the dungeon, and saw 44 of its levels.
You visited the Abyss 1 time.
You also visited: Trove and Ossuary.

You collected 5138 gold pieces.
You spent 2768 gold pieces at shops.

Inventory:

Hand Weapons
 c - a +4 demon blade of flaming
 l - a +9 scimitar of flaming
 s - the +11 scimitar of Inconvenience (weapon) {speed, rElec}
   (You took it off a kobold demonologist on level 13 of the Dungeon)

   Attacks with this weapon are significantly faster.
   It insulates you from electricity.
 V - a +8 long sword of holy wrath
Armour
 b - a +2 pair of boots of running (worn)
 k - the +2 hat of Grace (worn) {rN++}
   (You found it on level 7 of the Dungeon)

   It greatly protects you from negative energy.
 r - the +9 shield "Uczimats" (worn) {Regen+}
   (You found it in a treasure trove)

   It increases your rate of regeneration.
 u - the +4 plate armour of Taunn (worn) {Int+5 Dex+3}
   (You took it off an orc warrior on level 7 of the Dungeon)

   It affects your intelligence (+5).
   It affects your dexterity (+3).
 I - a +2 pair of gloves of dexterity (worn)
 K - a scarf of resistance (worn)
 N - the +2 hat of Courage {rElec rPois SInv}
   (You found it in a treasure trove)

   It insulates you from electricity.
   It protects you from poison.
   It lets you see invisible.
Jewellery
 d - the amulet "Curuassech" (around neck) {Reflect Dex+2 SH+4 SInv}
   (You acquired it on level 1 of the Depths)

   [amulet of reflection]

   It shields you and reflects attacks.
   It affects your dexterity (+2).
   It lets you see invisible.
   It affects your SH (+4).
 v - the ring of Miunguo (right hand) {rElec AC+3 Str+4 Slay+3 Stlth+}
   (You bought it in a shop on level 1 of the Depths)

   [ring of protection]

   It affects your AC (+3).
   It affects your strength (+4).
   It affects your accuracy and damage with ranged weapons and melee attacks
   (+3).
   It insulates you from electricity.
   It makes you more stealthy.
 z - the amulet of Serendipity {Faith rElec rF+ Int-3 Stlth+}
   (You took it off a deep elf mage on level 3 of the Elven Halls)

   [amulet of faith]

   It allows you to gain divine favour quickly.
   It affects your intelligence (-3).
   It protects you from fire.
   It insulates you from electricity.
   It makes you more stealthy.
 E - the ring "Mogumes" (left hand) {rElec rF+ Int+3 Dex+3}
   (You took it off a deep elf death mage on level 3 of the Elven Halls)

   [ring of intelligence]

   It affects your intelligence (+3).
   It affects your dexterity (+3).
   It protects you from fire.
   It insulates you from electricity.
 L - an uncursed amulet of the gourmand
 Q - an uncursed ring of resist corrosion
 W - an uncursed ring of poison resistance
 Z - an uncursed ring of protection from magic
Wands
 a - a wand of disintegration (98)
 B - a wand of digging (20)
 C - a wand of iceblast (32)
 M - a wand of enslavement (28)
 P - a wand of polymorph (29)
 R - a wand of acid (68)
 T - a wand of flame (140)
 U - a wand of scattershot (7)
Scrolls
 e - 3 scrolls of fog
 g - 19 scrolls of teleportation
 j - 2 scrolls of identify
 m - 6 scrolls of blinking
 o - a scroll of magic mapping
 p - 17 scrolls of remove curse
 D - a scroll of summoning
 G - 10 scrolls of immolation
 H - 9 scrolls of fear
 S - a scroll of holy word
 Y - a scroll of brand weapon
Potions
 h - 5 potions of lignification
 i - 5 potions of ambrosia
 n - 5 potions of mutation
 q - 3 potions of cancellation
 t - 7 potions of flight
 w - 16 potions of curing
 x - 3 potions of might
 y - 4 potions of heal wounds
 F - a potion of resistance
 J - 7 potions of berserk rage
 O - 6 potions of agility
Comestibles
 f - 21 rations


   Skills:
 * Level 23.1 Fighting
 + Level 21.3 Long Blades
 + Level 19.6 Armour
 * Level 21.4 Dodging
 + Level 19.7 Shields
 + Level 17.6 Invocations


You had 23 spell levels left.
You didn't know any spells.
Your spell library contained the following spells:

 Spells                   Type           Power        Failure   Level  Hunger
 Animate Skeleton         Necr           N/A          80%         1    ##.....
 Apportation              Tloc           #.....       80%         1    ##.....
 Beastly Appendage        Tmut           #.....       80%         1    ##.....
 Confusing Touch          Hex            #.....       80%         1    ##.....
 Corona                   Hex            #......      80%         1    ##.....
 Freeze                   Ice            #...         80%         1    ##.....
 Infusion                 Chrm           #...         80%         1    ##.....
 Magic Dart               Conj           #...         80%         1    ##.....
 Sandblast                Erth           #.....       80%         1    ##.....
 Shock                    Conj/Air       #...         80%         1    ##.....
 Summon Butterflies       Summ           #.......     80%         1    ##.....
 Summon Small Mammal      Summ           #...         80%         1    ##.....
 Blink                    Tloc           N/A          91%         2    ###....
 Call Imp                 Summ           #.......     91%         2    ###....
 Corpse Rot               Necr           N/A          91%         2    ###....
 Passwall                 Tmut/Erth      #.......     91%         2    ###....
 Searing Ray              Conj           #.....       91%         2    ###....
 Shroud of Golubria       Chrm/Tloc      #.....       91%         2    ###....
 Slow                     Hex            #.......     91%         2    ###....
 Sticks to Snakes         Tmut           #.......     91%         2    ###....
 Sublimation of Blood     Necr           #.........   91%         2    ###....
 Swiftness                Chrm/Air       #.......     91%         2    ###....
 Throw Flame              Conj/Fire      #.....       91%         2    ###....
 Throw Frost              Conj/Ice       #.....       91%         2    ###....
 Call Canine Familiar     Summ           #.......     99%         3    ####...
 Confuse                  Hex            #.......     99%         3    ####...
 Conjure Flame            Conj/Fire      #.......     99%         3    ####...
 Dazzling Spray           Conj/Hex       #.....       99%         3    ####...
 Gell's Gravitas          Tloc           #.........   99%         3    ####...
 Ignite Poison            Fire/Tmut/Pois #.......     99%         3    ####...
 Inner Flame              Hex/Fire       #.......     99%         3    ####...
 Lesser Beckoning         Tloc           #.........   99%         3    ####...
 Mephitic Cloud           Conj/Pois/Air  #.......     99%         3    ####...
 Ozocubu's Armour         Chrm/Ice       #.......     99%         3    ####...
 Portal Projectile        Hex/Tloc       #.....       99%         3    ####...
 Spider Form              Tmut/Pois      #.........   99%         3    ####...
 Static Discharge         Conj/Air       #.......     99%         3    ####...
 Stone Arrow              Conj/Erth      #.....       99%         3    ####...
 Summon Guardian Golem    Hex/Summ       #.......     99%         3    ####...
 Teleport Other           Tloc           #.......     99%         3    ####...
 Airstrike                Air            #.........   100%        4    #####..
 Cause Fear               Hex            #.........   100%        4    #####..
 Force Lance              Conj/Tloc      #.......     100%        4    #####..
 Fulminant Prism          Conj/Hex       #.........   100%        4    #####..
 Ice Form                 Ice/Tmut       #.......     100%        4    #####..
 Iskenderun's Mystic Bla  Conj           #.......     100%        4    #####..
 Leda's Liquefaction      Hex/Erth       #.........   100%        4    #####..
 Passage of Golubria      Tloc           N/A          100%        4    #####..
 Petrify                  Tmut/Erth      #.......     100%        4    #####..
 Summon Ice Beast         Ice/Summ       #.......     100%        4    #####..
 Summon Lightning Spire   Summ/Air       #.......     100%        4    #####..
 Throw Icicle             Conj/Ice       #.......     100%        4    #####..
 Agony                    Necr           #.......     100%        5    ######.
 Blade Hands              Tmut           #.........   100%        5    ######.
 Bolt of Draining         Conj/Necr      #.........   100%        5    ######.
 Bolt of Magma            Conj/Fire/Erth #.........   100%        5    ######.
 Dispel Undead            Necr           #.......     100%        5    ######.
 Excruciating Wounds      Chrm/Necr      #.........   100%        5    ######.
 Iskenderun's Battlesphe  Conj/Chrm      #.......     100%        5    ######.
 Lee's Rapid Deconstruct  Erth           #.........   100%        5    ######.
 Lightning Bolt           Conj/Air       #.........   100%        5    ######.
 Metabolic Englaciation   Hex/Ice        #.........   100%        5    ######.
 Silence                  Hex/Air        #.........   100%        5    ######.
 Summon Forest            Summ/Tloc      #.........   100%        5    ######.
 Yara's Violent Unravell  Hex/Tmut       #.........   100%        5    ######.
 Conjure Ball Lightning   Conj/Air       #.........   100%        6    #######
 Darkness                 Hex            #.........   100%        6    #######
 Deflect Missiles         Chrm/Air       #.........   100%        6    #######
 Dispersal                Tloc           #.........   100%        6    #######
 Invisibility             Hex            #.......     100%        6    #######
 Iron Shot                Conj/Erth      #.........   100%        6    #######
 Shadow Creatures         Summ           N/A          100%        6    #######
 Statue Form              Tmut/Erth      #........    100%        6    #######
 Controlled Blink         Tloc           N/A          100%        8    #######
 Disjunction              Tloc           #.........   100%        8    #######
 Shatter                  Erth           #.........   100%        9    #######
 Tornado                  Air            #.........   100%        9    #######


Dungeon Overview and Level Annotations

Branches:
Dungeon (15/15)            Temple (1/1) D:5            Lair (5/6) D:10
 Shoals (4/4) Lair:3        Snake (4/4) Lair:4          Orc (2/2) D:10
    Elf (3/3) Orc:2        Vaults (5/5) D:13          Crypt (0/3) Vaults:3
 Depths (5/5) D:15            Zot (0/5) Depths:5    Ossuary (visited)
  Slime: Lair:5-6

Altars:
Ashenzari
Cheibriados
Gozag
Hepliaklqana
Makhleb
Nemelex Xobeh
Qazlal
Sif Muna
Trog
Uskayaw
Xom
Yredelemnul
The Shining One
Beogh

Shops:
D:4 !*=[   D:5 (   D:6 !!   D:10 !}   D:14 [   D:15 (   Orc:2 *}*}   Elf:2 ?
Shoals:3 :   Vaults:4 }   Depths:1 %:=?

Portals:
Hell: Depths:1 Depths:2 Depths:3 Depths:4 Depths:5
Abyss: Depths:3 Depths:4
Pandemonium: Depths:2 Depths:3 Depths:4 Depths:5
Ziggurat: Depths:5

Annotations:
D:9 exclusion: 2 oklob plants
D:12 2 runed translucent doors
Lair:1 exclusion: 4 oklob plants
Lair:3 exclusion: oklob plant
Shoals:3 Roxanne
Depths:1 1 runed translucent door
Depths:4 exclusion: ice statue


Innate Abilities, Weirdness & Mutations

You reflexively headbutt those who attack you in melee.
You have a pair of horns on your head.
You are weak. (Str -2)
Potions are less effective at restoring your health.


Message History

Okay, then.
Your shield is strengthened by the Shining One's divine power.
You feel slightly more hungry.
The eye of devastation changes into a shining eye!
The deep elf archer seems less brilliant.
The moth of wrath goads the yaktaur on!
The yaktaur goes berserk!
The moth of wrath goads the yaktaur on!
The yaktaur goes berserk!
The deep elf mage is empowered by the deep elf high priest's aura!
You block the ettin's attack. x2; The sphinx hits you!
* * * LOW HITPOINT WARNING * * *
The sphinx barely misses you. The sphinx misses you.
You block the vault guard's attack.
The ironbrand convoker gestures at the tentacled monstrosity while chanting.
The tentacled monstrosity seems to grow stronger.
The ironheart preserver completely misses you.
You furiously retaliate!
You headbutt the ironheart preserver!
You riposte.
You slice the ironheart preserver!!
The ironheart preserver is heavily wounded.
The titan hits you!!
You die... #....# .### #....#..(. c #....#.*c .y #....#c.#### .cc#HoOO#DCQ... #cHccDOOQp*.. ##cHccCOHc##### .HecCpD@DeDe... (.HcGpCpCoC*... ...ooeLCcpC....

...opXpDW§.....
##...(op.e#####
..(o.......
...#....#..e
#..#(...#....
#. #....#.[..#


You could see 2 shadow dragons, a tentacled monstrosity, 3 ironheart preservers,
3 titans, 2 golden dragons, a storm dragon, a frost giant, 2 fire giants, a
quicksilver dragon, a sphinx, a stone giant, 2 tengu reavers, a lich, 5 yaktaur
captains, 3 vault guards, 2 orc knights, a deep elf annihilator, an ettin, a
shining eye shaped shifter, 3 two-headed ogres, an ogre mage, a vault sentinel,
a deep elf archer, a moth of wrath, a deep elf high priest, an ironbrand
convoker, 10 yaktaurs, a freezing wraith, 3 deep elf magi, 5 harpies, an orc
warrior, an ogre, a +4 trident of distortion, 3 battlespheres and 4 orcs.

Vanquished Creatures
  Mara (Depths:3)
  A juggernaut (Depths:4)
  Boris (twice) (Vaults:2 Depths:5)
  Bai Suzhen (Shoals:3)
  Xtahua (Vaults:3)
  Frederick (Depths:3)
  Nikola (Snake:3)
  Jory (Vaults:4)
  A golden dragon (Depths:4)
  the Enchantress (Depths:3)
  4 liches
  The ghost of Feagond the Warrior, an adept HOMo of Beogh (Vaults:1)
  3 tentacled monstrosities
  3 titans
  The ghost of Gadrel the Earth Mage, an adept HOEE of Vehumet (Snake:2)
  3 deep elf blademasters
  2 deep elf master archers (Elf:3)
  3 tentacled starspawn (Abyss:3)
  A quicksilver dragon (Depths:4)
  A shadow dragon (Depths:4)
  4 sphinxes
  An ancient champion (Vaults:3)
  5 storm dragons
  A tengu reaver (Depths:4)
  Kirke (Snake:1)
  Ilsuiw (Shoals:3)
  9 fire giants
  An azure jelly (Depths:2)
  13 nagarajas
  5 deep elf sorcerers
  A draconian knight (Depths:5)
  A ghost moth (Depths:2)
  Aizul (Snake:3)
  8 frost giants
  A draconian stormcaller (Depths:5)
  An iron dragon (Depths:5)
  A cacodemon (Depths:5)
  2 balrugs
  14 vault wardens
  A juggernaut zombie (D:15)
  An emperor scorpion (Depths:2)
  14 very ugly things
  2 angels (Abyss:3)
  7 deep elf elementalists (Elf:3)
  A caustic shrike zombie (Depths:3)
  A reaper (Depths:2)
  12 ironheart preservers
  A war gargoyle (Depths:4)
  8 spriggan defenders
  16 stone giants
  2 entropy weavers
  3 vampire knights
  3 deep elf demonologists
  A green draconian (Depths:2)
  A black draconian (Depths:5)
  A red draconian (Depths:5)
  A yellow draconian (Depths:5)
  5 deep elf annihilators
  2 white draconians (Depths:5)
  3 spark wasps (Depths:4)
  6 deep elf death magi
  15 ettins
  2 merfolk javelineers (Depths:3)
  A blizzard demon (Depths:4)
  8 fire dragons
  A green death (Depths:2)
  12 yaktaur captains
  Josephine (D:15)
  8 deep elf high priests
  13 merfolk impalers
  A monstrous demonspawn (Depths:5)
  9 great orbs of eyes
  The ghost of belegose the Shield-Bearer, a journeyman DgAM (D:11)
  A quicksilver dragon skeleton (Abyss:3)
  16 naga warriors
  11 ice dragons
  7 hydras
  A catoblepas (D:15)
  Erica (Lair:1)
  Harold (Lair:1)
  4 spriggan air magi
  32 vault guards
  3 rakshasas
  6 centaur warriors
  7 anacondas
  An anaconda (shapeshifter) (Elf:2)
  2 death knights
  A two-headed ogre (shapeshifter) (D:13)
  2 satyrs (Shoals:4)
  38 two-headed ogres
  29 dancing weapons
  15 tengu warriors
  2 merfolk aquamancers
  8 deep troll shamans
  13 ogre magi
  3 alligator snapping turtles
  6 deep troll earth magi
  4 spriggan berserkers
  A thrashing horror (Abyss:3)
  2 orc high priests
  22 deep elf knights
  Sonja (Lair:1)
  5 sun demons
  10 shock serpents
  Nergalle (D:10)
  The ghost of pepper333 the Slicer, a novice DrBe of Trog (D:7)
  3 soul eaters (Depths:4)
  25 naga sharpshooters
  2 salamander mystics
  16 hell knights
  2 iron trolls (Depths:5)
  A shadow wraith (Vaults:3)
  5 skeletal warriors
  21 deep trolls
  6 glowing orange brains
  2 quicksilver dragon simulacra (Depths:4)
  10 sea snakes
  5 unseen horrors
  4 wizards
  A flayed ghost (D:15)
  12 naga ritualists
  An unseen horror (shapeshifter) (D:13)
  A swamp dragon (Depths:2)
  Pikel (D:9)
  A shadow dragon zombie (Depths:3)
  16 ironbrand convokers
  12 deep elf archers
  2 phantasmal warriors
  A harpy (shapeshifter) (Vaults:2)
  4 orc sorcerers
  18 harpies
  The ghost of reptisaurus the Grave Robber, a novice VSNe of Gozag (D:8)
  3 orb spiders (Depths:2)
  9 mana vipers
  21 orc knights
  60 deep elf magi
  4 necromancers
  An orb spider (shapeshifter) (Vaults:1)
  4 wolf spiders
  8 fauns (Shoals:4)
  A shining eye (shapeshifter) (Vaults:4)
  10 slime creatures
  A tengu skeleton (Vaults:3)
  8 salamanders
  4 large abominations (Abyss:3)
  10 merfolk sirens
  50 ugly things
  11 manticores
  10 cyclopes
  A stone giant skeleton (Vaults:3)
  22 vault sentinels
  6 water nymphs (Shoals:4)
  2 guardian serpents (shapeshifter)
  34 black mambas
  4 gargoyles
  5 guardian serpents
  A torpor snail (D:13)
  A smoke demon (Depths:3)
  23 naga magi
  8 rust devils (Depths:4)
  3 orange demons
  4 spiny frogs
  2 apocalypse crabs (Abyss:3)
  A hellion (Depths:3)
  2 centaur skeletons
  6 komodo dragons
  A human zombie (Vaults:3)
  An ice devil (Depths:4)
  41 yaktaurs
  A kobold demonologist (D:13)
  A rime drake (Lair:3)
  4 efreet
  A spriggan skeleton (D:15)
  12 freezing wraiths
  16 merfolk
  3 red devils (Depths:4)
  A hellwing (Depths:5)
  4 tengu conjurers
  An ancient zyme (Abyss:3)
  6 wind drakes
  2 queen bees (shapeshifter)
  6 polar bears
  2 guardian mummies (Depths:2)
  12 trolls
  A merfolk (shapeshifter) (Depths:4)
  A hornet (shapeshifter) (Vaults:3)
  2 polar bears (shapeshifter)
  3 blink frogs (Lair:2)
  4 tyrant leeches (D:13)
  A fire dragon zombie (D:15)
  8 hornets
  8 snapping turtles
  2 raiju (Abyss:3)
  A fire giant simulacrum (Vaults:2)
  6 dream sheep
  A meliai zombie (D:15)
  Sigmund (D:2)
  12 hippogriffs
  A flying skull (Depths:4)
  12 water elementals
  A tarantella (Vaults:1)
  An ettin skeleton (D:15)
  8 redbacks
  A centaur simulacrum (D:15)
  7 shadows
  2 air elementals (Elf:1)
  19 wraiths
  6 spriggans
  A tarantella (shapeshifter) (D:13)
  2 wyverns
  A yak (shapeshifter) (Vaults:2)
  8 humans (D:13)
  A basilisk (D:12)
  4 fire elementals (Elf:2)
  A golden eye (Abyss:3)
  6 hogs (Snake:1)
  27 yaks
  A chaos spawn (Depths:3)
  A golden eye (shapeshifter) (Depths:4)
  7 hungry ghosts
  A hog (shapeshifter) (D:12)
  A steam dragon (D:12)
  A vampire mosquito (D:12)
  A neqoxec (Depths:5)
  58 nagas
  8 wargs
  7 swamp worms (D:13)
  An acid dragon (Vaults:2)
  8 water moccasins
  7 porcupines
  Duvessa (D:4)
  52 orc warriors
  2 hell hounds (Depths:4)
  A meliai simulacrum (D:12)
  9 ice beasts
  2 sky beasts
  4 ettin simulacra
  A floating eye (Depths:4)
  A necrophage (D:12)
  2 black bears
  34 ogres
  21 centaurs
  A crocodile (shapeshifter) (Depths:1)
  7 crocodiles
  2 big kobolds
  2 elf zombies
  2 gnoll sergeants
  17 bullfrogs
  2 earth elementals (Elf:2)
  A water moccasin zombie (D:11)
  A wyvern skeleton (D:14)
  Dowan (D:4)
  8 scorpions
  A killer bee (D:12)
  8 wights
  6 electric eels
  A howler monkey (D:4)
  A human simulacrum (Vaults:1)
  12 crimson imps
  8 jellies
  A quasit (Depths:5)
  5 centaur zombies
  A wyvern simulacrum (D:10)
  4 bullfrog zombies
  A gnoll shaman (D:8)
  25 orc priests
  4 hounds
  8 small abominations
  3 bullfrog skeletons
  2 iron imps
  6 iguanas
  23 orc wizards
  12 worker ants
  A big kobold zombie (Ossuary)
  8 ogre zombies (D:10)
  2 bullfrog simulacra (D:10)
  2 hound skeletons (D:5)
  5 mummies
  2 howler monkey zombies
  24 adders
  11 gnolls
  5 shadow imps
  A white imp (D:10)
  2 ufetubi
  5 oozes
  2 adder zombies
  4 adder skeletons
  3 worms
  5 dart slugs
  7 leopard geckos
  114 orcs
  5 giant cockroaches
  17 goblins
  8 hobgoblins
  6 jackals
  4 quokkas
  A ball python (D:1)
  4 bats
  11 frilled lizards
  A gnoll zombie (Ossuary)
  A goblin skeleton (D:10)
  4 goblin zombies
  9 hobgoblin zombies
  12 kobolds
  3 kobold zombies (Ossuary)
  3 orc skeletons (D:10)
  15 orc zombies
  8 rats
  A crawling corpse (Elf:3)
  25 plants
  4 starspawn tentacles (Abyss:3)
2066 creatures vanquished.

Vanquished Creatures (collateral kills)
  A deep elf blademaster (Elf:3)
  A deep elf master archer (Elf:3)
  A large abomination (Elf:3)
  2 deep elf sorcerers (Elf:3)
  A deep elf demonologist (Depths:4)
  2 merfolk javelineers (Shoals:2)
  A deep elf death mage (Elf:3)
  A merfolk impaler (Shoals:2)
  3 tengu warriors (Depths:4)
  A spriggan berserker (Depths:4)
  A fire crab (shapeshifter) (Abyss:3)
  A lindwurm (shapeshifter) (Vaults:5)
  A harpy (Shoals:2)
  2 deep elf magi (Elf:3)
  A water nymph (Shoals:2)
  A tormentor (Abyss:3)
  A small abomination (Elf:3)
  2 tengu conjurers (Depths:4)
  4 merfolk (Shoals:2)
  An earth elemental (Elf:3)
29 creatures vanquished.

Vanquished Creatures (others)
  A yaktaur captain (Depths:5)
  A merfolk avatar (Shoals:2)
  A yaktaur (Depths:5)
  2 humans
  4 water elementals (Depths:3)
  2 slaves (D:9)
  An ettin simulacrum (Depths:4)
  4 ogres
  A lurking horror (Abyss:3)
  19 plants
  8 starspawn tentacles (Abyss:3)
44 creatures vanquished.

Grand Total: 2139 creatures vanquished

Notes
Turn   | Place    | Note
-------+----------+-------------------------------------------
     0 | D:1      | Clownsaurus the Minotaur Fighter began the quest for the
                  | Orb.
     0 | D:1      | Reached XP level 1. HP: 19/19 MP: 0/0
   384 | D:1      | Reached XP level 2. HP: 27/27 MP: 1/1
   577 | D:1      | Reached skill level 1 in Dodging
   577 | D:1      | Reached XP level 3. HP: 30/33 MP: 2/2
   861 | D:2      | Noticed Sigmund
   869 | D:2      | Killed Sigmund
   869 | D:2      | Reached skill level 4 in Fighting
   869 | D:2      | Reached XP level 4. HP: 31/41 MP: 3/3
   869 | D:2      | Reached XP level 5. HP: 36/47 MP: 4/4
   901 | D:2      | Reached XP level 6. HP: 44/53 MP: 5/5
  1419 | D:2      | Reached skill level 5 in Long Blades
  2274 | D:4      | Reached skill level 5 in Shields
  2282 | D:4      | Reached skill level 5 in Armour
  2357 | D:4      | Found Oddekk's Distillery.
  2362 | D:4      | Bought a potion of heal wounds for 55 gold pieces
  2362 | D:4      | Bought a potion of curing for 33 gold pieces
  2414 | D:4      | Noticed Dowan
  2415 | D:4      | Found Hatoekh's Jewellery Shoppe.
  2416 | D:4      | Noticed Duvessa
  2423 | D:4      | Killed Dowan
  2423 | D:4      | Reached skill level 5 in Fighting
  2437 | D:4      | Killed Duvessa
  2437 | D:4      | Reached XP level 7. HP: 13/61 MP: 6/6
  2957 | D:4      | Found Ynemi's Antique Armour Emporium.
  3068 | D:4      | Found Vaptafue's Assorted Antiques.
  3393 | D:4      | Reached XP level 8. HP: 70/70 MP: 7/7
  3527 | D:5      | Entered Level 5 of the Dungeon
  3527 | D:5      | Found a burning altar of Makhleb.
  3527 | D:5      | Found Daofah's Weapon Emporium.
  3752 | D:5      | Reached skill level 6 in Fighting
  3991 | D:5      | Found an opulent altar of Gozag.
  3994 | D:5      | Found a shimmering altar of Xom.
  3996 | D:5      | Found a shattered altar of Ashenzari.
  3998 | D:5      | Found a stormy altar of Qazlal.
  3999 | D:5      | Found a hazy altar of Hepliaklqana.
  4000 | D:5      | Found a bloodstained altar of Trog.
  4001 | D:5      | Found a hide-covered altar of Uskayaw.
  4002 | D:5      | Found a snail-covered altar of Cheibriados.
  4086 | D:5      | Found a staircase to the Ecumenical Temple.
  4092 | Temple   | Entered the Ecumenical Temple
  4149 | Temple   | Became a worshipper of the Shining One
  4248 | D:6      | Found Caubunn's Distillery.
  4264 | D:6      | Bought a potion of curing for 36 gold pieces
  4264 | D:6      | Bought a potion of heal wounds for 60 gold pieces
  4310 | D:6      | Found Unecweer's Distillery.
  4340 | D:6      | Got an iridescent rapier
  4441 | D:6      | Bought a potion of heal wounds for 55 gold pieces
  4441 | D:6      | Bought a potion of curing for 33 gold pieces
  4497 | D:6      | Reached skill level 5 in Dodging
  4618 | D:6      | Found a sand-covered staircase.
  4627 | Ossuary  | Entered an ossuary
  4648 | Ossuary  | Reached * piety under the Shining One
  4648 | Ossuary  | Reached XP level 9. HP: 78/78 MP: 8/8
  4675 | Ossuary  | Reached ** piety under the Shining One
  5169 | D:7      | Identified the +2 rapier of Truth {speed, Fragile rElec
                  | Str+4} (You found it on level 6 of the Dungeon)
  5260 | D:7      | Reached skill level 7 in Fighting
  5399 | D:7      | Found a runed translucent gate.
  5399 | D:7      | Found a runed translucent gate.
  5399 | D:7      | Noticed pepper333's ghost (novice DrBe)
  5400 | D:7      | Found a runed translucent gate.
  5402 | D:7      | Identified the +4 plate armour of Taunn {Int+5 Dex+3}
  5633 | D:7      | Reached *** piety under the Shining One
  6039 | D:7      | Found a roughly hewn altar of Beogh.
  6233 | D:8      | Reached skill level 10 in Long Blades
  6313 | D:8      | Noticed a two-headed ogre
  6320 | D:8      | Killed a two-headed ogre
  6320 | D:8      | Reached skill level 8 in Fighting
  6320 | D:8      | Reached XP level 10. HP: 81/88 MP: 9/9
  7015 | D:8      | Found a runed translucent gate.
  7015 | D:8      | Found a runed translucent gate.
  7015 | D:8      | Found a runed translucent gate.
  7139 | D:8      | Noticed reptisaurus's ghost (novice VSNe)
  7305 | D:8      | Killed reptisaurus's ghost
  7655 | D:9      | Noticed an oklob plant
  7708 | D:9      | Noticed Pikel
  7713 | D:9      | Killed Pikel
  7837 | D:9      | Noticed an oklob plant
  7984 | D:10     | Entered Level 10 of the Dungeon
  7984 | D:10     | Reached **** piety under the Shining One
  8014 | D:10     | Reached skill level 9 in Fighting
  8112 | D:10     | Found a staircase to the Orcish Mines.
  8117 | D:10     | Reached ***** piety under the Shining One
  8161 | D:10     | Reached XP level 11. HP: 97/97 MP: 10/10
  8297 | D:10     | Found a burning altar of Makhleb.
  8387 | D:10     | Noticed Nergalle
  8399 | D:10     | Killed Nergalle
  8399 | D:10     | Reached skill level 1 in Invocations
  8421 | D:10     | Found Anossory's Gadget Emporium.
  8435 | D:10     | Found a shattered altar of Ashenzari.
  8472 | D:10     | Found Tellumpy's Distillery.
  8502 | D:10     | Bought a potion of ambrosia for 104 gold pieces
  8502 | D:10     | Bought a potion of haste for 130 gold pieces
  8599 | D:10     | Found a staircase to the Lair.
  8612 | D:10     | Reached ****** piety under the Shining One
  8881 | Orc:1    | Entered Level 1 of the Orcish Mines
  8920 | Orc:1    | Noticed an orc sorcerer
  8947 | Orc:1    | Killed an orc sorcerer
  9446 | Orc:2    | Entered Level 2 of the Orcish Mines
  9818 | Orc:2    | Noticed an orc knight
 10066 | Orc:2    | Noticed an orc knight
 10100 | Orc:2    | Noticed an orc knight
 10304 | Orc:1    | Killed an orc knight
 10693 | Orc:1    | Killed an orc knight
 10693 | Orc:1    | Reached skill level 10 in Fighting
 10693 | Orc:1    | Reached skill level 10 in Shields
 10698 | Orc:1    | Killed an orc knight
 10864 | Orc:2    | HP: 3/99 [orc warrior/bolt (13)]
 11033 | Orc:2    | Reached skill level 10 in Armour
 11254 | Orc:2    | Reached XP level 12. HP: 94/106 MP: 13/13
 11273 | Orc:2    | Found a staircase to the Elven Halls.
 11273 | Orc:2    | Noticed an ettin
 11321 | Orc:1    | The Shining One protects you from harm!
 11323 | Orc:1    | Killed an ettin
 11803 | Orc:2    | Found a roughly hewn altar of Beogh.
 11949 | Orc:2    | Found Dorgh's Gadget Emporium.
 11949 | Orc:2    | Found Kinwes's Assorted Antiques.
 11951 | Orc:2    | Found Kuown's Gadget Boutique.
 11953 | Orc:2    | Found Koyzop's General Store.
 11965 | Orc:2    | Bought a potion of curing for 42 gold pieces
 11965 | Orc:2    | Bought a potion of agility for 56 gold pieces
 12554 | D:10     | Got a bloodstained mace
 12555 | D:10     | Identified the cursed +3 mace of Sunlight {crush, rPois rC+
                  | Dex+5} (You found it on level 10 of the Dungeon)
 13052 | D:11     | Noticed a two-headed ogre
 13078 | D:11     | Killed a two-headed ogre
 13229 | D:11     | Found a runed translucent gate.
 13229 | D:11     | Found a runed translucent gate.
 13229 | D:11     | Found a runed translucent gate.
 13233 | D:11     | Noticed belegose's ghost (journeyman DgAM)
 13647 | D:12     | Noticed a four-headed hydra
 13651 | D:12     | Noticed an eight-headed hydra
 13661 | D:12     | Killed a 12-headed hydra
 13669 | D:12     | Killed an 11-headed hydra
 13732 | D:12     | Found a runed translucent door.
 13732 | D:12     | Noticed a six-headed hydra
 13733 | D:12     | Found a runed translucent door.
 13733 | D:12     | Found a runed translucent door.
 13733 | D:12     | Noticed a two-headed ogre
 13733 | D:12     | Noticed an ettin
 13734 | D:12     | Found a runed translucent door.
 13739 | D:12     | Found a runed translucent door.
 13766 | D:12     | Noticed a tengu warrior
 13796 | D:12     | Reached skill level 5 in Invocations
 13804 | D:12     | Noticed a seven-headed hydra
 13804 | D:12     | Noticed a two-headed ogre
 13804 | D:12     | Noticed a centaur warrior
 13804 | D:12     | Noticed a cyan very ugly thing
 13818 | D:12     | Killed a centaur warrior
 13821 | D:12     | Reached skill level 11 in Fighting
 13831 | D:12     | Killed a three-headed hydra
 13833 | D:12     | Killed a two-headed ogre
 13853 | D:12     | Reached XP level 13. HP: 101/116 MP: 15/15
 13879 | D:12     | Killed a cyan very ugly thing
 14010 | D:12     | Got a brightly glowing leather armour
 14066 | D:12     | Killed an ettin
 14083 | D:12     | Paralysed by a hornet for 2 turns
 14095 | D:12     | Reached skill level 10 in Dodging
 15162 | D:13     | Identified the +11 scimitar of Inconvenience {speed, rElec}
 15344 | D:13     | Reached skill level 15 in Long Blades
 15740 | D:13     | Reached skill level 12 in Fighting
 15759 | D:13     | Identified a +0 pair of boots of running (You found it on
                  | level 12 of the Dungeon)
 15899 | D:13     | Found a gate to the Vaults.
 16255 | D:14     | Found Xilitakk's Armour Emporium.
 16283 | D:14     | Reached XP level 14. HP: 126/126 MP: 18/18
 16544 | D:14     | Identified the +1 leather armour of Decompression {rCorr
                  | Int+5} (You found it on level 12 of the Dungeon)
 16772 | D:14     | Found a runed translucent door.
 16772 | D:14     | Noticed a brown very ugly thing
 16782 | D:14     | Killed a brown very ugly thing
 16837 | D:14     | HP: 6/126 [deep elf annihilator/crystal spear (76)]
 17134 | D:15     | Entered Level 15 of the Dungeon
 17215 | D:15     | Found a staircase to the Depths.
 18093 | D:15     | Found Daem's Antique Weapon Boutique.
 18235 | D:15     | Noticed Josephine
 18250 | D:15     | Killed Josephine
 18674 | D:11     | Killed belegose's ghost
 18805 | Lair:1   | Entered Level 1 of the Lair of Beasts
 18814 | Lair:1   | Noticed Erica
 18829 | Lair:1   | Killed Erica
 18829 | Lair:1   | Reached skill level 10 in Invocations
 18829 | Lair:1   | Reached XP level 15. HP: 41/134 MP: 21/21
 18987 | Lair:1   | Noticed Harold
 19006 | Lair:1   | Killed Harold
 19034 | Lair:1   | Noticed Sonja
 19040 | Lair:1   | Reached skill level 13 in Fighting
 19062 | Lair:1   | Killed Sonja
 19313 | Lair:1   | Identified a scroll of acquirement
 21899 | Lair:3   | Found a staircase to the Shoals.
 22266 | Lair:4   | Found a staircase to the Snake Pit.
 22954 | Snake:1  | Entered Level 1 of the Snake Pit
 23127 | Snake:1  | Noticed Kirke
 23146 | Snake:1  | Killed Kirke
 23590 | Snake:1  | Noticed a nagaraja
 23607 | Snake:1  | Killed a nagaraja
 24428 | Snake:2  | Noticed a nagaraja
 24452 | Snake:2  | Noticed a nagaraja
 24651 | Snake:2  | Killed a nagaraja
 25105 | Snake:2  | Killed a nagaraja
 25105 | Snake:2  | Reached XP level 16. HP: 125/145 MP: 23/23
 25438 | Snake:2  | Found a runed translucent door.
 25438 | Snake:2  | Noticed Gadrel's ghost (adept HOEE)
 25554 | Snake:2  | Killed Gadrel's ghost
 25644 | Snake:3  | Reached skill level 14 in Fighting
 25992 | Snake:3  | Noticed Aizul
 26026 | Snake:3  | Killed Aizul
 26328 | Snake:3  | Noticed Nikola
 26347 | Snake:3  | Killed Nikola
 27236 | Snake:4  | Entered Level 4 of the Snake Pit
 27705 | Snake:4  | Reached XP level 17. HP: 144/154 MP: 25/25
 28582 | Snake:4  | Reached skill level 15 in Shields
 28609 | Snake:4  | Reached skill level 15 in Fighting
 29057 | Snake:4  | Got a serpentine rune of Zot
 29241 | Snake:4  | Reached skill level 15 in Armour
 29867 | Shoals:1 | Entered Level 1 of the Shoals
 30656 | D:7      | Killed pepper333's ghost
 30695 | D:7      | Got a crude hat
 30696 | D:7      | Identified the +2 hat of Grace {rN++} (You found it on
                  | level 7 of the Dungeon)
 30917 | D:4      | Bought a potion of heal wounds for 55 gold pieces
 30917 | D:4      | Bought 2 potions of curing for 66 gold pieces
 30949 | D:4      | Bought a scroll of identify for 36 gold pieces
 31477 | Elf:1    | Entered Level 1 of the Elven Halls
 31673 | Elf:1    | Noticed a Tzitzimitl
 31770 | Elf:1    | Identified the Grimoire of Creation
 32562 | Elf:2    | Reached XP level 18. HP: 163/163 MP: 27/27
 32606 | Elf:2    | Found Edituam's Magic Scroll Shoppe.
 32610 | Elf:2    | Bought a scroll of enchant armour for 135 gold pieces
 32610 | Elf:2    | Bought a scroll of summoning for 171 gold pieces
 32610 | Elf:2    | Bought a scroll of teleportation for 54 gold pieces
 32610 | Elf:2    | Bought a scroll of identify for 36 gold pieces
 32610 | Elf:2    | Bought a scroll of holy word for 135 gold pieces
 32610 | Elf:2    | Bought a scroll of identify for 36 gold pieces
 32610 | Elf:2    | Bought a scroll of identify for 36 gold pieces
 33082 | Elf:2    | Found a huge runed translucent gate.
 33082 | Elf:2    | Found a huge runed translucent gate.
 33082 | Elf:2    | Found a huge runed translucent gate.
 33082 | Elf:2    | Found a huge runed translucent gate.
 33082 | Elf:2    | Found a huge runed translucent gate.
 33357 | Elf:2    | Reached skill level 16 in Fighting
 33834 | Elf:3    | Entered Level 3 of the Elven Halls
 34310 | Elf:3    | Cast into level 3 of the Abyss (a ghostly deep elf
                  | sorcerer)
 34680 | Abyss:3  | Reached skill level 15 in Dodging
 34704 | Abyss:3  | Noticed a lich
 34705 | Abyss:3  | Noticed a lich
 34727 | Abyss:3  | Killed a lich
 34744 | Elf:3    | Escaped the Abyss
 34811 | Elf:3    | Reached XP level 19. HP: 126/174 MP: 28/28
 34925 | Elf:3    | Identified the +6 scythe of Kinte {freeze, rElec rPois MR+}
 34925 | Elf:3    | Identified the amulet of Serendipity {Faith rElec rF+ Int-3
                  | Stlth+}
 34929 | Elf:3    | Reached skill level 17 in Fighting
 34959 | Elf:3    | Identified the ring "Egatyagg" {Wiz MR+ Slay+5}
 34968 | Elf:3    | Identified the +8 flail "Jopre" {antimagic, +Rage Str+4
                  | Int-4}
 34968 | Elf:3    | Identified the ring "Mogumes" {rElec rF+ Int+3 Dex+3}
 34975 | Elf:3    | Gained mutation: You are weak. (Str -2) [a neqoxec]
 35214 | Elf:3    | Identified the Tome of Ashen Protection
 35216 | Elf:3    | Identified the Grimoire of the Blaze and Augmentations
 35219 | Elf:3    | Identified Taggimyr's Catalogue of Earthen Enchantment
 35499 | Elf:3    | Got a faintly glowing iron ring
 35500 | Elf:3    | Identified the ring "Gebeig" {Ice +Fly} (You found it on
                  | level 3 of the Elven Halls)
 37317 | Shoals:2 | Got a brightly glowing dagger
 37324 | Shoals:2 | Identified the +4 dagger of Circular Logic {flame, *Noise
                  | MR+ Str+7 Dex+2} (You found it on level 2 of the Shoals)
 37711 | Shoals:2 | Got an ichor-stained cloak
 37715 | Shoals:2 | Got a polished arbalest
 37716 | Shoals:2 | Identified the +2 cloak of Hide-and-Seek {SInv} (You found
                  | it on level 2 of the Shoals)
 38171 | Shoals:3 | Noticed Roxanne
 38226 | Shoals:3 | Noticed Ilsuiw
 38269 | Shoals:3 | Killed Ilsuiw
 38537 | Shoals:3 | Noticed Bai Suzhen
 38560 | Shoals:3 | Killed Bai Suzhen
 38766 | Shoals:3 | Found Weleollu's Book Shop.
 38935 | Shoals:4 | Entered Level 4 of the Shoals
 39254 | Shoals:4 | Reached skill level 15 in Invocations
 40082 | Shoals:4 | Got a brightly glowing robe
 40530 | Shoals:4 | Reached skill level 18 in Fighting
 40805 | Shoals:4 | Got a barnacled rune of Zot
 41073 | Shoals:4 | Got a transparent robe
 41136 | Shoals:4 | Got a jewelled cloak
 41866 | Orc:2    | Bought a potion of flight for 87 gold pieces
 41866 | Orc:2    | Bought a scroll of blinking for 217 gold pieces
 42018 | Vaults:1 | Entered Level 1 of the Vaults
 42023 | D:13     | Reached XP level 20. HP: 187/187 MP: 30/30
 42437 | Vaults:1 | Identified the cursed +0 cloak of Birdsong {rC++ Regen+
                  | Int+4 Stlth+} (You found it on level 4 of the Shoals)
 42810 | Vaults:1 | Found a runed translucent door.
 42810 | Vaults:1 | Found a shimmering altar of Xom.
 42810 | Vaults:1 | Noticed Feagond's ghost (adept HOMo)
 43560 | Vaults:1 | Killed Feagond's ghost
 44171 | Vaults:2 | Reached skill level 19 in Fighting
 44592 | Vaults:2 | Reached XP level 21. HP: 197/198 MP: 31/31
 44690 | Vaults:2 | Noticed Boris
 44708 | Vaults:2 | Killed Boris
 44875 | Vaults:2 | Identified the +0 robe of Light {rElec rC+ Dex-5} (You
                  | found it on level 4 of the Shoals)
 44876 | Vaults:2 | Identified the +1 robe of the Elven Halls {rElec Int+4
                  | Slay-3} (You found it on level 4 of the Shoals)
 46135 | Vaults:3 | Found a staircase to the Crypt.
 46295 | Vaults:3 | Noticed Xtahua
 46329 | Vaults:3 | Killed Xtahua
 46879 | Vaults:3 | You fall into a shaft and drop 1 floor!
 46909 | Vaults:4 | Reached skill level 20 in Fighting
 47150 | Vaults:4 | Noticed Jory
 47190 | Vaults:4 | Killed Jory
 47558 | Vaults:4 | Reached XP level 22. HP: 202/209 MP: 33/33
 47764 | Vaults:4 | Found Maulus's Gadget Shop.
 48907 | Depths:1 | Entered Level 1 of the Depths
 48946 | Depths:1 | Found a portal to a secret trove of treasure.
 49054 | Depths:1 | Found the ring of Robustness {AC+8}
 49076 | Depths:1 | Found a gateway to Hell.
 49228 | Depths:1 | Got a fine zirconium amulet
 49311 | Depths:1 | Found Biogiq's Magic Scroll Shop.
 49311 | Depths:1 | Found Achele's Food Boutique.
 49330 | Depths:1 | Found Vawky's Jewellery Shop.
 49365 | Depths:1 | Found Xudapt's Book Boutique.
 49367 | Depths:1 | Bought a +2 amulet of reflection for 105 gold pieces
 49367 | Depths:1 | Bought the ring of Miunguo {rElec AC+3 Str+4 Slay+3 Stlth+}
                  | for 823 gold pieces
 49376 | Depths:1 | Bought a scroll of enchant armour for 112 gold pieces
 49376 | Depths:1 | Bought a scroll of identify for 30 gold pieces
 49376 | Depths:1 | Bought a scroll of identify for 30 gold pieces
 49378 | Depths:1 | Identified the amulet "Curuassech" {Reflect Dex+2 SH+4
                  | SInv} (You acquired it on level 1 of the Depths)
 49718 | Depths:1 | Found a runed translucent door.
 50090 | Depths:2 | Paralysed by a great orb of eyes for 5 turns
 50288 | Depths:2 | Got an encrusted flail
 50357 | Depths:2 | Found a large runed translucent door.
 50357 | Depths:2 | Found a large runed translucent door.
 50447 | Depths:2 | Reached skill level 21 in Fighting
 50624 | Depths:2 | Gained mutation: Potions are less effective at restoring
                  | your health. [a neqoxec]
 50919 | Depths:1 | You paid a toll of +3 ice dragon scales to enter a treasure
                  | trove
 50920 | Trove    | Entered a treasure trove
 50940 | Trove    | Got a faintly glowing shield
 50944 | Trove    | Got a warped shield
 50946 | Trove    | Got an encrusted large shield
 50955 | Trove    | Got a pair of twisted boots
 50958 | Trove    | Got a crude hat
 50970 | Trove    | Got a brightly glowing leather armour
 51004 | Depths:1 | Identified the +2 shield of the Armadillo {SInv} (You found
                  | it in a treasure trove)
 51014 | Depths:1 | Identified the +9 shield "Uczimats" {Regen+} (You found it
                  | in a treasure trove)
 51024 | Depths:1 | Identified the +0 large shield of Ennui {-Cast rN+ SInv}
                  | (You found it in a treasure trove)
 51044 | Depths:1 | Identified the +1 pair of boots of the Shining Light {rN+}
                  | (You found it in a treasure trove)
 51064 | Depths:1 | Identified the +2 hat of Courage {rElec rPois SInv} (You
                  | found it in a treasure trove)
 51185 | Depths:2 | Found a glowing golden altar of the Shining One.
 51276 | Depths:2 | Found a one-way gate leading to the halls of Pandemonium.
 51464 | Depths:3 | Noticed the Enchantress
 51479 | Depths:3 | Killed the Enchantress
 51581 | Depths:3 | Reached XP level 23. HP: 219/219 MP: 34/34
 51725 | Depths:3 | Noticed Mara
 51741 | Depths:3 | Noticed Clownsaurus's illusion
 51745 | Depths:3 | Noticed Clownsaurus's illusion
 51759 | Depths:3 | Killed Mara
 51855 | Depths:3 | Identified the +11 flail "Xuse" {crush, *Contam Str+6} (You
                  | found it on level 2 of the Depths)
 52109 | Depths:3 | Noticed Frederick
 52121 | Depths:3 | Killed Frederick
 52397 | Depths:3 | Found a one-way gate to the infinite horrors of the Abyss.
 52559 | Depths:4 | Found a shimmering blue altar of Sif Muna.
 52562 | Depths:4 | Paralysed by a floating eye for 3 turns
 52728 | Depths:4 | Found a burning altar of Makhleb.
 52835 | Depths:4 | Paralysed by a vampire knight for 4 turns
 52906 | Depths:4 | Found a shattered altar of Ashenzari.
 53205 | Depths:4 | Noticed a juggernaut
 53234 | Depths:4 | Killed a juggernaut
 53302 | Depths:4 | Reached skill level 22 in Fighting
 53625 | Depths:4 | Found a snail-covered altar of Cheibriados.
 53918 | Depths:5 | Entered Level 5 of the Depths
 53963 | Depths:4 | Reached XP level 24. HP: 214/231 MP: 34/34
 54095 | Depths:5 | Found a gate to the Realm of Zot.
 54237 | Depths:5 | Noticed Boris
 54263 | Depths:5 | Killed Boris
 54714 | Depths:5 | Found a gateway to a ziggurat.
 55431 | Vaults:5 | Entered Level 5 of the Vaults
 55691 | Vaults:5 | Reached skill level 23 in Fighting
 55832 | Vaults:5 | Demolished by a titan

Levels and vault maps discovered:
D:1:      elethiomel_arrival_fortress_basement, layout_basic, minivault_25
D:2:      layout_basic, first_ration, minmay_vboxes, uniq_sigmund
D:3:      layout_basic
D:4:      layout_layer_cave, serial_shops, shop, shop, nicolae_shop_statue_plus,
          kennysheep_little_box, st_stairs_11, uniq_duvessa
D:5:      layout_cave_pools, overflow_temple_1_default, minitemple,
          minmay_temple_entry_enclosed_plants, serial_shops, shop
D:6:      layout_rooms, gup_ossuary_entry_pyramid, serial_shops,
          nicolae_shop_trees, nicolae_shop_competitors_out_of_business
D:7:      layout_basic, biasface_ghost_orc_armoury
D:8:      layout_layer_cave, ebering_ghost_rock_garden, blue_anna_alchemist
          [blue_anna_fruit_fields, blue_anna_fruit_fields]
D:9:      layout_long_grid, st_stairs_5, disabler_island, uniq_pikel
D:10:     layout_big_octagon, david_lair_shrubbed, zombieorc2_lemuel,
          serial_ice, serial_ice_k, serial_ice_m, serial_ice_a, serial_ice_o,
          basic_altar, serial_shops, kennysheep_mini, shop,
          evilmike_ruin_ashenzari, uniq_nergalle
D:11:     layout_loops_ring, gammafunk_ghost_spectres, kennysheep_kite_vault
D:12:     minmay_the_grid_triangle_9x9_line_8_mashed
          [minmay_the_grid_triangle_9x9_pentomino_pain,
          minmay_the_grid_triangle_9x9_steps,
          minmay_the_grid_triangle_9x9_tough_junction,
          minmay_the_grid_triangle_9x9_fully_insulated_deathbox,
          minmay_the_grid_triangle_9x9_cache,
          minmay_the_grid_triangle_9x9_windchime,
          minmay_the_grid_triangle_9x9_longest,
          minmay_the_grid_triangle_9x9_prize_insulated], layout_gridville
D:13:     layout_basic, ximxim_vaults_locker_room, worms_lemuel
D:14:     layout_roguey, minmay_misc_feat_enclosed, serial_shops,
          shop_fountains, minivault_13
D:15:     gammafunk_depths_entry_grave, layout_basic, solitary_fountain,
          serial_shops, nicolae_shop_crystal, uniq_josephine
Temple:   nicolae_temple_figure_eight
Lair:1:   dpeg_oklob_gauntlet, layout_small_grid, cheibrodos_lair_lostbears,
          uniq_sonja, uniq_harold, uniq_erica
Lair:2:   layout_chaotic_city
Lair:3:   layout_roguey, elwin_shoals_entry_rooms, beast_lair_carwin_6,
          grunt_megastairs_1, infiniplex_staircase_pool, serial_bayou_shore_a,
          minmay_lair_oklob_chamber, lemuel_fruit_tree
Lair:4:   layout_misc_corridors, minmay_snake_entry_spellcaster
Lair:5:   layout_layer_cave, minmay_slime_entry_jelly_boxes, uniq_nessos
Shoals:1: layout_shoals
Shoals:2: layout_shoals, nicolae_shoals_hunting_party
Shoals:3: layout_shoals, serial_shops, shop, overgrown_tower, uniq_bai_suzhen,
          uniq_roxanne, uniq_ilsuiw
Shoals:4: shoals_end_hangedman, layout_shoals
Snake:1:  layout_chambers, uniq_kirke
Snake:2:  kennysheep_six_static_rooms, layout_basic, ebering_ghost_inner_flame,
          st_stairs_4
Snake:3:  layout_chambers, nicolae_coiled_stairwell_up, uniq_aizul, uniq_nikola
Snake:4:  snake_pit, layout_chambers
Orc:1:    layout_caves
Orc:2:    st_orc_rangers, layout_caves, basic_altar
Elf:1:    layout_geoelf_diagonals, minmay_elf_demonology, chequers_big_river
Elf:2:    layout_geoelf_diagonals, serial_shops, shop, grunt_megastairs_2
Elf:3:    minmay_elf_hall_statues, layout_geoelf_diagonals
Vaults:1: ebering_vaults_ghost_xom, nicolae_vaults_what_the_h, v_misc_23,
          hangedman_vaults_stream, nicolae_vaults_border_crossing,
          grunt_vaults_funnel, v_misc_12, v_pattern_5, v_misc_25,
          ontoclasm_vaults_pinch, nicolae_vaults_shelves_hall, kb_rosetta,
          layout_vaults_maze_snakey
Vaults:2: nicolae_vaults_little_ls, nicolae_vaults_yaktaur_gun_rack,
          nicolae_vaults_windows_and_doors_thing, vaults_dpeg_diagonal,
          ontoclasm_vaults_idyll, st_quartered_hall,
          nicolae_vaults_twisting_passages, nicolae_vaults_diagonal_hallway_8,
          ontoclasm_vaults_ring_small, vaults_room_stairs_pillars,
          ontoclasm_vaults_misaligned, nicolae_vaults_network_s,
          hangedman_vaults_nails, layout_vaults_ring, uniq_boris
Vaults:3: minmay_crypt_entry_simple_box, hangedman_vaults_hat,
          hangedman_vaults_cutoff, vaults_dpeg_ring, vaults_room_fours,
          ontoclasm_vaults_fault, v_rooms_3, v_rooms_4,
          nicolae_vaults_shelves_hall, nicolae_vaults_mini_display_case,
          nicolae_vaults_little_squares_4, layout_vaults_omnigrid, uniq_xtahua
Vaults:4: v_misc_3, v_alt_pattern_2, v_misc_24, nicolae_vaults_network_star,
          v_pattern_2, hangedman_vaults_corner_blocks, ontoclasm_vaults_idyll,
          v_misc_31, hangedman_vaults_snaps, layout_vaults_omnicross,
          serial_shops, nicolae_shop_trees, uniq_jory
Vaults:5
Depths:1: layout_gridlike, nicolae_trove_entry_crossroad,
          minmay_stone_trees_medium, lightli_too_deep, minmay_acid_items,
          minmay_shoptagon
Depths:2: lightli_eight_chambers, layout_twisted_cross,
          grunt_pan_entry_in_and_out, hell_entry, tso_metal_star,
          minmay_staircase_windowed_large
Depths:3: regret_index_uskayaw_diablada_macabre, layout_basic, hell_entry,
          grunt_decor_one_mirror, rand_demon_pan_entry_3, abyss_entry_crystal,
          lemuel_freeze_loot_1, uniq_frederick, uniq_enchantress, uniq_mara
Depths:4: grunt_profane_halls [grunt_profane_temple_coc,
          grunt_profane_temple_geh, grunt_profane_temple_dis,
          grunt_profane_temple_tar, grunt_profane_loot], abyss_entry, pan_entry,
          hell_entry, serial_shops
Depths:5: grunt_zot_entry_tricorne, layout_gridlike, enter_ziggurat_a,
          serial_sigils_hangedman_etch, hell_entry, grunt_pan_entry_zigzag

Skill      XL: |  1  2  3  4  5  6  7  8  9 10 11 12 13 14 15 16 17 18 19 20 21 22 23 24 |
---------------+-------------------------------------------------------------------------+-----
Long Blades    | 3 4 5 6 8 10 11 13 14 15 16 17 18 19 20 21 | 21.3
Dodging        | 1 2 3 5 6 7 8 9 10 11 12 13 14 15 16 17 18 19 20 21 | 21.4
Shields        | 4 5 6 8 9 10 11 12 13 14 15 16 17 18 19 | 19.7
Armour         | 4 5 6 8 9 10 11 12 13 14 15 16 17 18 19 | 19.6
Fighting       | 4 5 6 8 9 10 11 12 13 14 15 16 18 19 20 21 22 23 | 23.1
Invocations    | 3 5 7 10 11 13 14 15 16 17 | 17.6

Action                   |  1- 3 |  4- 6 |  7- 9 | 10-12 | 13-15 | 16-18 | 19-21 | 22-24 || total
-------------------------+-------+-------+-------+-------+-------+-------+-------+-------++-------
Melee: Long sword        |    75 |   127 |       |       |       |       |       |       ||   202
       Headbutt          |     9 |    27 |    79 |   217 |   329 |   462 |   840 |   771 ||  2734
       Falchion          |       |    36 |   313 |   786 |       |       |       |       ||  1135
       Scimitar          |       |       |       |    18 |  1148 |  1522 |  2199 |  1786 ||  6673
       Unarmed           |       |       |       |       |     3 |       |       |       ||     3
Invok: Divine Shield     |       |       |       |       |     1 |       |       |     1 ||     2
       Summon Divine War |       |       |       |       |       |     2 |     2 |     3 ||     7
       Cleansing Flame   |       |       |       |       |       |       |       |     2 ||     2
Evoke: Wand              |       |       |       |       |       |       |     1 |       ||     1
  Use: Scroll            |       |     4 |     3 |     8 |    41 |     9 |    17 |    13 ||    95
       Potion            |       |       |     2 |    14 |    10 |     3 |    10 |     4 ||    43
  Eat: Chunk             |       |     3 |     1 |     4 |       |       |     2 |     4 ||    14
       Ration            |       |     1 |     3 |    11 |    10 |     8 |    12 |     7 ||    52
Armor: Scale mail        |    31 |    52 |    78 |     5 |       |       |       |       ||   166
       Plate armour      |       |       |       |   315 |   206 |   279 |   316 |   284 ||  1400
Dodge: Dodged            |    22 |    45 |   105 |   299 |   240 |   349 |   542 |   562 ||  2164
Block: Shield            |    27 |    97 |   183 |   546 |   546 |   955 |  1219 |  1541 ||  5114
       Reflection        |       |       |       |       |       |       |       |    64 ||    64
       Rpst.: Long sword |     6 |     9 |       |       |       |       |       |       ||    15
       Falchion          |       |     1 |    21 |    52 |       |       |       |       ||    74
       Scimitar          |       |       |       |     1 |    48 |    59 |    92 |    88 ||   288
